 Dungeon Crawl Stone Soup version 0.27.1 (webtiles) character file.

Game seed: 610345389205437735

516 Destapler the Shield-Bearer (level 7, -2/62 HPs)
             Began as a Minotaur Fighter on Sept 3, 2021.
             Was a Believer of Okawaru.
             Slain by a water moccasin (6 damage)
             ... on level 5 of the Dungeon.
             The game lasted 00:08:27 (2892 turns).

Destapler the Shield-Bearer (Minotaur Fighter)      Turns: 2892, Time: 00:08:29

Health: -2/62      AC:  8    Str: 20    XL:     7   Next: 0%
Magic:  6/6        EV:  7    Int:  5    God:    Okawaru [**....]
Gold:   178        SH: 10    Dex: 12    Spells: 6/6 levels left

rFire    . . .     SeeInvis .   e - +3 dagger
rCold    . . .     Faith    .   c - +0 kite shield
rNeg     . . .     Spirit   .   b - +0 scale mail
rPois    .         Reflect  .   (helmet restricted)
rElec    .         Harm     .   o - +0 cloak
rCorr    .         Rampage  .   (no gloves)
Will     .....                  (no boots)
Stlth    ..........             (no amulet)
HPRegen  0.20/turn              (no ring)
MPRegen  0.10/turn              (no ring)

@: lethally poisoned (-2 -> -7)
A: horns 2, retaliatory headbutt
a: Renounce Religion, Heroism


You were on level 5 of the Dungeon.
You worshipped Okawaru.
Okawaru was pleased with you.
You visited 1 branch of the dungeon, and saw 5 of its levels.

You collected 178 gold pieces.

Inventory:

Hand Weapons
 e - a +3 dagger (weapon)
 g - a +2 dagger of holy wrath
Missiles
 m - 2 poisoned darts (quivered)
Armour
 b - a +0 scale mail (worn)
 c - a +0 kite shield (worn)
 o - a +0 cloak (worn)
Wands
 l - a wand of acid (11)
Scrolls
 f - 6 scrolls of identify
 i - a scroll of noise
 j - a scroll of brand weapon {unknown}
 k - 2 scrolls of enchant armour {unknown}
 n - a scroll of holy word {unknown}
Potions
 h - a potion of flight


   Skills:
 + Level 5.7 Fighting
 + Level 4.9 Axes
 + Level 5.6 Armour
 + Level 5.8 Shields


You had 6 spell levels left.
You didn't know any spells.
Your spell library contained the following spells:

 Spells                   Type           Power      Damage    Failure   Level
 Conjure Flame            Conj/Fire      0%         6-21      100%        3
 Gell's Gravitas          Tloc           0%         N/A       100%        3
 Ignite Poison            Fire/Tmut/Pois 0%         N/A       100%        3
 Teleport Other           Tloc           0%         N/A       100%        3
 Sticky Flame             Conj/Fire      0%         2d3       100%        4
 Dispersal                Tloc           0%         N/A       100%        6


Dungeon Overview and Level Annotations

Branches:
Dungeon (6/15)
 Temple: D:4-7

Altars:
Okawaru

Shops:
D:2 [


Innate Abilities, Weirdness & Mutations

You have a pair of horns on your head.
You reflexively headbutt those who attack you in melee.


Message History

You hit the water moccasin.
The water moccasin is moderately wounded.
You feel sick. You block the water moccasin's attack.
The water moccasin bites you but does no damage.
You hit the water moccasin but do no damage.
Your headbutt misses the water moccasin.
The water moccasin is moderately wounded.
You feel sick. The water moccasin bites you!
You are more poisoned.
The water moccasin poisons you! The water moccasin bites you.
You closely miss the water moccasin.
The water moccasin is moderately wounded.
You feel very sick. You block the water moccasin's attack.
You hit the water moccasin but do no damage.
The water moccasin is moderately wounded.
You feel very sick.
The water moccasin bites you but does no damage. x2
You hit the water moccasin.
Your headbutt misses the water moccasin.
The water moccasin is moderately wounded.
You feel very sick. The water moccasin bites you.
* * * LOW HITPOINT WARNING * * *
The water moccasin bites you.
* * * LOW HITPOINT WARNING * * *
Okay, then.
You hit the water moccasin but do no damage.
The water moccasin is moderately wounded.
* * * LOW HITPOINT WARNING * * *
You feel very sick. The water moccasin barely misses you.
You hit the water moccasin.
Your headbutt misses the water moccasin.
The water moccasin is heavily wounded.
* * * LOW HITPOINT WARNING * * *
You feel sick.
The water moccasin bites you but does no damage.
The water moccasin bites you.
You die...

. .. . .. .. .##+. ...
... #...# .... .).# ....
....... ....####.. #
.................)#.#
...... .........#S(.#
....# ........@##+.Y...
#..# .....##)# ###. #.#
.#.. #..###... ..#
#.##.#...#.. .##
#..##..#...#.....
..######.......##...####
#...........##....###
#.###......# ##...# #.#
#..# #...##


You could see a water moccasin.

Vanquished Creatures
  An ice beast (D:5)
  A necrophage (D:5)
  A centaur (D:5)
  A kobold brigand (D:5)
  A centaur zombie (D:6)
  2 hounds (D:5)
  A bullfrog skeleton (D:5)
  An adder (D:3)
  A howler monkey skeleton (D:3)
  A shadow imp (D:5)
  An orc (D:5)
  5 ball pythons
  5 bats
  5 endoplasms
  A giant cockroach (D:2)
  8 goblins
  A hobgoblin (D:3)
  4 jackals
  6 kobolds
  3 quokkas
  5 frilled lizards
  3 rats
58 creatures vanquished.

Vanquished Creatures (others)
  A plant (D:1)
1 creature vanquished.

Grand Total: 59 creatures vanquished

Notes
Turn   | Place    | Note
-------+----------+-------------------------------------------
     0 | D:1      | Destapler the Minotaur Fighter began the quest for the Orb.
     0 | D:1      | Reached XP level 1. HP: 19/19 MP: 0/0
   228 | D:1      | Reached XP level 2. HP: 27/27 MP: 1/1
  1093 | D:2      | Reached XP level 3. HP: 33/33 MP: 2/2
  1266 | D:2      | Found Neppos's Antique Armour Shop.
  1698 | D:3      | Found a faded altar of an unknown god.
  1755 | D:3      | Became a worshipper of Warmaster Okawaru
  1755 | D:3      | Reached * piety under Okawaru
  1941 | D:3      | Reached XP level 4. HP: 41/41 MP: 3/3
  2178 | D:3      | You fall into a shaft and drop 3 floors!
  2215 | D:6      | Noticed an ogre
  2222 | D:5      | Entered Level 5 of the Dungeon
  2405 | D:5      | Noticed a necrophage
  2425 | D:5      | Reached XP level 5. HP: 29/47 MP: 4/4
  2427 | D:5      | Killed a necrophage
  2427 | D:5      | Reached ** piety under Okawaru
  2428 | D:5      | Reached skill level 5 in Fighting
  2428 | D:5      | Reached skill level 5 in Shields
  2689 | D:5      | Reached skill level 5 in Armour
  2690 | D:5      | Noticed a centaur
  2702 | D:5      | Reached XP level 6. HP: 36/56 MP: 2/5
  2707 | D:5      | Noticed an ice beast
  2717 | D:5      | Killed an ice beast
  2718 | D:5      | Reached XP level 7. HP: 24/62 MP: 3/6
  2892 | D:5      | Slain by a water moccasin

Illustrated notes

Levels and vault maps discovered:
D:1:      lemuel_arrival_room, layout_basic, serial_forest,
          infiniplex_forest_end_1, infiniplex_forest_corner_1,
          infiniplex_forest_zigzag_1, infiniplex_forest_corner_1,
          infiniplex_forest_clump_tiny, infiniplex_forest_zigzag_1,
          roderic_malta_cross
D:2:      layout_rooms, serial_shops, shop, minmay_tiny_reverse_x
D:3:      minmay_octagon_keep, layout_rooms, chequers_ecumenical_altar_simple,
          minmay_misc_feat_cross
D:5:      minmay_goblin_kobold_castle, layout_layer_cave,
          mainiacjoe_overflow_alcove_3, minmay_fractal_squares_diagonal_5
D:6:      layout_cave_pools, nicolae_sif_muna_condensation,
          minmay_temple_entry_mini_moons, serial_bayou, serial_bayou_pond_b,
          serial_bayou_pond_e, serial_bayou_pond_b, serial_bayou_pond_d,
          minmay_door_square, uniq_duvessa, uniq_menkaure

Skill      XL: |  1  2  3  4  5 |
---------------+----------------+-----
Fighting       | 4 5 |  5.7
Shields        | 4 5 |  5.8
Armour         | 4 5 |  5.6
Axes           | 3 4 |  4.9

Action                   |  1- 3 |  4- 6 |  7- 9 || total
-------------------------+-------+-------+-------++-------
Melee: Dagger            |   100 |    60 |    11 ||   171
       War axe           |     2 |       |       ||     2
       Headbutt          |    17 |     8 |       ||    25
Throw: Dart              |       |     2 |       ||     2
Invok: Heroism           |       |     1 |       ||     1
  Use: Scroll            |     3 |       |       ||     3
       Potion            |     1 |     1 |       ||     2
Armor: Scale mail        |    39 |    31 |     6 ||    76
Dodge: Dodged            |    21 |    23 |     2 ||    46
Block: Kite shield       |    47 |    36 |     6 ||    89
